 Dungeon Crawl Stone Soup version 0.28-a0-1080-g05a166d0ed (webtiles) character file.

Game seed: 2033371188663758678

4107 garrulousMonolith the Cleaver (level 10, -5/88 HPs)
             Began as a Hill Orc Fighter on Dec 10, 2021.
             Was a Follower of Beogh.
             Slain by a manticore (7 damage)
             ... on level 9 of the Dungeon.
             The game lasted 00:10:16 (9595 turns).

garrulousMonolith the Cleaver (Hill Orc Fighter)    Turns: 9595, Time: 00:10:16

Health: -5/88      AC: 15    Str: 20    XL:     10   Next: 26%
Magic:  15/15      EV:  6    Int: 12    God:    Beogh [*.....]
Gold:   427        SH:  5    Dex: 10    Spells: 9/9 levels left

rFire   . . .      SeeInvis +   m - +2 short sword (elec)
rCold   . . .      Faith    .   c - +0 buckler
rNeg    . . .      Spirit   .   i - +0 plate armour
rPois   .          Reflect  .   l - +0 helmet
rElec   .          Harm     .   (no cloak)
rCorr   .          Rampage  .   p - +0 pair of gloves
Will    .....                   (no boots)
Stlth   ..........              (no amulet)
HPRegen 0.24/turn               r - ring of see invisible
MPRegen 0.14/turn               (no ring)

@: spiked, studying Long Blades
A: no striking features
a: Renounce Religion


You were on level 9 of the Dungeon.
You worshipped Beogh.
Beogh was aware of your devotion.
You visited 2 branches of the dungeon, and saw 10 of its levels.

You collected 427 gold pieces.

Inventory:

Hand Weapons
 a - a +0 war axe
 m - a +2 short sword of electrocution (weapon)
Missiles
 f - 23 poisoned darts (quivered)
 x - 4 boomerangs
Armour
 c - a +0 buckler (worn)
 i - a +0 plate armour (worn)
 l - a +0 helmet (worn)
 p - a +0 pair of gloves (worn)
Jewellery
 r - a ring of see invisible (left hand)
Wands
 j - a wand of flame (7)
 v - a wand of digging (2)
Scrolls
 b - 2 scrolls of enchant weapon
 e - a scroll of summoning {unknown}
 g - a scroll of vulnerability {unknown}
 n - a scroll of holy word {unknown}
 q - a scroll of magic mapping {unknown}
 u - 6 scrolls of teleportation
 w - a scroll of torment {unknown}
 y - a scroll of noise {unknown}
 A - 2 scrolls of blinking {unknown}
 B - 2 scrolls of immolation {unknown}
 C - a scroll of identify
Potions
 d - 3 potions of brilliance
 h - a potion of magic {unknown}
 k - 4 potions of flight
 o - 2 potions of resistance {unknown}
 s - 3 potions of lignification
 t - a potion of haste
 z - a potion of mutation


   Skills:
 + Level 8.0 Fighting
 * Level 11.4 Axes
 + Level 7.3 Armour
 + Level 7.2 Shields
 + Level 7.5 Invocations


You had 9 spell levels left.
You didn't know any spells.
Your spell library contained the following spells:

 Spells                   Type           Power      Damage    Failure   Level
 Sting                    Tmut/Pois      0%         1d3       100%        1
 Ignite Poison            Fire/Tmut/Pois 0%         N/A       100%        3
 Mephitic Cloud           Conj/Pois/Air  0%         N/A       100%        3
 Tukima's Dance           Hex            0%         N/A       100%        3
 Passage of Golubria      Tloc           0%         N/A       100%        4
 Freezing Cloud           Conj/Ice/Air   0%         6-21      100%        5
 Yara's Violent Unravell  Hex/Tmut       0%         3d3       100%        5


Dungeon Overview and Level Annotations

Branches:
Dungeon (9/15)             Temple (1/1) D:7             Orc (0/2) D:9
   Lair: D:8-11

Altars:
Ashenzari
Cheibriados
Dithmenos
Elyvilon
Gozag
Hepliaklqana
Kikubaaqudgha
Makhleb
Okawaru
Qazlal
Sif Muna
Trog
Uskayaw
Vehumet
Wu Jian
Xom
Yredelemnul
Zin
The Shining One

Annotations:
D:3 2 runed translucent doors
D:8 2 transporters, jejorda2's ghost, novice PaBe


Message History

The barbs in your skin will harm you if you move.
Continue?
Okay, then.
You slash the centaur!
You kill the centaur!
Beogh accepts your kill.
Your Fighting skill increases to level 8!
You barely miss the manticore. You block the manticore's attack.
The manticore claws you but does no damage.
You block the manticore's attack.
You hit the manticore.
The manticore is lightly wounded.
The manticore bites you.
* * * LOW HITPOINT WARNING * * *
The manticore claws you.
* * * LOW HITPOINT WARNING * * *
You block the manticore's attack.
You hear the crackle of electricity.
m - a +2 short sword of electrocution (weapon)
You hit the manticore.
Lightning courses through the manticore!
The manticore is heavily wounded.
The manticore bites you but does no damage.
The manticore claws you.
* * * LOW HITPOINT WARNING * * *
The manticore completely misses you.
You closely miss the manticore.
The manticore is heavily wounded.
You block the manticore's attack.
The manticore claws you but does no damage.
The manticore claws you!
* * * LOW HITPOINT WARNING * * *
The manticore barely misses you. The manticore closely misses you.
The manticore completely misses you.
You hit the manticore.
Lightning courses through the manticore!
The manticore is severely wounded.
The manticore bites you.
* * * LOW HITPOINT WARNING * * *
The manticore claws you!
You die...

#.# .... ..#.# #...
#.#.# #.... #.#.# #....
#.#.# #..... #####
###.#.# #.....##...
...#.# #
#.....)..########.#.####
#.....H@...............'
#..........|.......#####
...<#.#............# #
### #.##+########### # #
# # # #


You could see a manticore.

Vanquished Creatures
  Pikel (D:4)
  Sigmund (D:2)
  A yak (D:6)
  Eustachio (D:4)
  A steam dragon (D:6)
  A water moccasin (D:6)
  Duvessa (D:4)
  3 orc warriors
  3 sky beasts (D:6)
  An ogre (D:4)
  A necrophage (D:8)
  4 centaurs
  3 bullfrogs
  A gnoll sergeant (D:9)
  A scorpion (D:6)
  A wyvern skeleton (D:6)
  A water moccasin skeleton (D:5)
  Dowan (D:4)
  4 wights (D:8)
  8 howler monkeys
  2 centaur zombies (D:6)
  2 jellies
  A centaur skeleton (D:5)
  4 hounds
  An orc priest (D:8)
  Jessica (D:2)
  An iguana (D:6)
  2 orc wizards (D:6)
  Robin (D:2)
  6 gnolls
  8 adders
  2 shadow imps
  3 white imps
  An ufetubus (D:7)
  An adder skeleton (D:4)
  3 worms
  3 dart slugs
  24 orcs
  9 bats
  11 endoplasms
  11 goblins
  9 hobgoblins
  8 jackals
  7 kobolds
  5 quokkas
  5 ball pythons
  A frilled lizard (D:2)
  4 rats
  A spectral kobold (D:3)
176 creatures vanquished.

Vanquished Creatures (others)
  A troll (D:6)
  A black bear (D:6)
  An orc wizard (D:6)
  2 orcs (D:6)
  A butterfly (D:6)
6 creatures vanquished.

Grand Total: 182 creatures vanquished

Notes
Turn   | Place    | Note
-------+----------+-------------------------------------------
     0 | D:1      | garrulousMonolith the Hill Orc Fighter began the quest for
                  | the Orb.
     0 | D:1      | Reached XP level 1. HP: 19/19 MP: 1/1
   197 | D:1      | Reached skill level 3 in Axes
   208 | D:1      | Reached XP level 2. HP: 24/27 MP: 2/2
   298 | D:1      | Reached skill level 1 in Invocations
   514 | D:1      | Reached XP level 3. HP: 18/33 MP: 3/3
  1254 | D:2      | Noticed Jessica
  1258 | D:2      | Killed Jessica
  1259 | D:2      | Reached skill level 4 in Axes
  1259 | D:2      | Reached XP level 4. HP: 40/40 MP: 3/5
  1307 | D:2      | Noticed Robin
  1326 | D:2      | Killed Robin
  1464 | D:2      | Reached XP level 5. HP: 27/46 MP: 6/6
  2149 | D:2      | Noticed Sigmund
  2174 | D:2      | Killed Sigmund
  2175 | D:2      | Reached skill level 5 in Axes
  2175 | D:2      | Reached XP level 6. HP: 16/53 MP: 6/8
  2720 | D:3      | Found a faded altar of an unknown god.
  2883 | D:3      | Found a large runed translucent door.
  2883 | D:3      | Found a large runed translucent door.
  3639 | D:4      | Noticed Eustachio
  3653 | D:4      | Killed Eustachio
  3654 | D:4      | Reached skill level 5 in Fighting
  3654 | D:4      | Reached skill level 6 in Axes
  3654 | D:4      | Reached XP level 7. HP: 61/61 MP: 9/9
  3673 | D:4      | Noticed Pikel
  3690 | D:4      | Killed Pikel
  3691 | D:4      | Reached skill level 7 in Axes
  3691 | D:4      | Reached skill level 5 in Armour
  3691 | D:4      | Reached skill level 5 in Shields
  3691 | D:4      | Reached XP level 8. HP: 47/70 MP: 9/11
  3884 | D:4      | Noticed Duvessa
  3885 | D:4      | Noticed Dowan
  3909 | D:4      | Killed Duvessa
  3920 | D:4      | Killed Dowan
  4222 | D:4      | Reached skill level 8 in Axes
  5041 | D:4      | Found a shimmering blue altar of Sif Muna.
  5042 | D:4      | Found an ancient bone altar of Kikubaaqudgha.
  5043 | D:4      | Found a radiant altar of Vehumet.
  5048 | D:4      | Got Sif Muna's Handbook of Transmigration
  5085 | D:5      | Entered Level 5 of the Dungeon
  5140 | D:5      | Reached skill level 5 in Invocations
  5625 | D:6      | Reached skill level 9 in Axes
  5625 | D:6      | Reached XP level 9. HP: 25/78 MP: 13/13
  6286 | D:6      | Noticed a troll
  6305 | D:6      | Killed a troll
  6526 | D:6      | Became a worshipper of Beogh the Brigand
  6671 | D:6      | Reached skill level 10 in Axes
  6875 | D:6      | Found a white marble altar of Elyvilon.
  7189 | D:7      | Identified the +1 leather armour "Godi" {rF+ Regen+ Int+2}
  7355 | D:7      | Found a staircase to the Ecumenical Temple.
  7403 | Temple   | Entered the Ecumenical Temple
  7507 | D:7      | Found a basalt altar of Yredelemnul.
  7509 | D:7      | Noticed a profane servitor
  7590 | D:7      | Found a glowing golden altar of the Shining One.
  7592 | D:7      | Noticed an angel
  8200 | D:8      | Reached XP level 10. HP: 65/86 MP: 15/15
  8406 | D:8      | Noticed a deep elf pyromancer
  8408 | D:8      | Found a transporter.
  8414 | D:8      | Noticed jejorda2's ghost (novice PaBe)
  8428 | D:8      | Noticed a gargoyle
  8446 | D:8      | Found a transporter.
  8494 | D:8      | Reached * piety under Beogh
  8512 | D:8      | Reached skill level 11 in Axes
  8875 | D:8      | Noticed a cyclops
  9197 | D:9      | Found a staircase to the Orcish Mines.
  9581 | D:9      | Noticed a manticore
  9595 | D:9      | HP: 2/88 [manticore (3)]
  9595 | D:9      | Slain by a manticore

Illustrated notes

Levels and vault maps discovered:
D:1:      minmay_arrival_glassed_features, layout_basic
D:2:      layout_basic, uniq_jessica, uniq_sigmund, uniq_robin,
          uniq_crazy_yiuf_cottage
D:3:      layout_basic, jmf_multi_god_temple2,
          dreamdust_ecumenical_altar_drowned_temple, grunt_decor_fettered,
          chequers_hall_statues_y, kennysheep_generic_room_3
D:4:      layout_basic, grunt_temple_overflow_magic_moments, grunt_decor_cap,
          uniq_eustachio, uniq_pikel, uniq_duvessa
D:5:      layout_rooms
D:6:      layout_basic, nicolae_elyvilon_peaceful_grove, minmay_manual_mullet
D:7:      layout_cave_pools, grunt_temple_overflow_holy_war,
          minmay_temple_entry_statues_fountains
D:8:      layout_basic, nzn_ghost_randoct
D:9:      layout_basic, orc_0_dummy
Temple:   dshaligram_water_room_temple

Skill      XL: |  1  2  3  4  5  6  7  8  9 10 |
---------------+-------------------------------+-----
Axes           | 3 4 5 6 7 9 10 11 | 11.4
Invocations    | 1 2 3 4 5 7 |  7.5
Fighting       | 4 5 6 7 8 |  8.0
Shields        | 4 5 6 7 |  7.2
Armour         | 4 5 6 7 |  7.3

Action                   |  1- 3 |  4- 6 |  7- 9 | 10-12 || total
-------------------------+-------+-------+-------+-------++-------
Melee: War axe           |    82 |    54 |   143 |    53 ||   332
       Short sword       |       |   102 |   217 |    53 ||   372
Throw: Dart              |       |       |     2 |       ||     2
Invok: Convert to Beogh  |       |       |     1 |       ||     1
  Use: Potion            |       |     3 |     4 |     1 ||     8
       Scroll            |       |       |     8 |       ||     8
 Stab: Invisible         |       |       |     1 |       ||     1
Armor: Scale mail        |    47 |    49 |       |       ||    96
       Chain mail        |       |    29 |    99 |       ||   128
       Plate armour      |       |       |   132 |    74 ||   206
Dodge: Dodged            |    42 |    46 |   104 |    56 ||   248
Block: Buckler           |    19 |    35 |    80 |    47 ||   181

Table legend: (Time is in decaauts)
 A = Elapsed time spent in this place.
 B = Non-inter-level travel time spent in this place.
 C = Inter-level travel time spent in this place.
 D = Time resting spent in this place.
 E = Time spent auto-exploring this place.
 F = Levels seen in this place.
 G = Mean time per level.
                   A        B        C        D        E       F      G
               +--------+--------+--------+--------+--------+-----+--------+
         Total |   9700 |   9426 |    274 |   2032 |   5852 |  10 |  970.0 |
       Dungeon |   9609 |   9357 |    252 |   2032 |   5792 |   9 | 1067.7 |
        Temple |     90 |     69 |     21 |      0 |     60 |   1 |   90.0 |
               +--------+--------+--------+--------+--------+-----+--------+

Top non-repeatable levels by time:
     D:2: 1750 daAuts
     D:6: 1624 daAuts
     D:4: 1565 daAuts
     D:7: 1126 daAuts
     D:1: 1000 daAuts
     D:3: 835 daAuts
     D:9: 714 daAuts
     D:5: 524 daAuts
     D:8: 467 daAuts
  Temple: 90 daAuts
